 Dungeon Crawl Stone Soup version 0.23-a0-586-gacb4b3f (webtiles) character file.

179 theanonym the Cudgeler (level 5, -4/38 HPs)
             Began as a Mummy Warper on Dec 19, 2018.
             Killed from afar by Terence (13 damage)
             ... with a wand of flame (3)
             ... on level 3 of the Dungeon.
             The game lasted 00:04:33 (4229 turns).

theanonym the Cudgeler (Mummy Warper)               Turns: 4229, Time: 00:04:34

Health: -4/38      AC:  6    Str: 15    XL:     5   Next: 33%
Magic:  18/18      EV: 11    Int: 13    God:
Gold:   129        SH:  0    Dex: 11    Spells: 9/9 levels left

rFire    x . .     SeeInvis .   a - +0 flail
rCold    + . .     Gourm    .   (no shield)
rNeg     + + +     Faith    +   d - +0 ring mail
rPois    ∞         Spirit   .   (no helmet)
rElec    .         Reflect  .   (no cloak)
rCorr    .         Harm     .   g - +0 pair of gloves (curse)
MR       .....                  (no boots)
Stlth    +.........             c - amulet of faith
HPRegen  0.12/turn              k - ring of wizardry
MPRegen  0.16/turn              l - ring of magical power

@: no status effects
A: no food or potions, fire vulnerability, cold resistance 1, negative energy
resistance 3, torment resistance, unbreathing
a: no special abilities


Innate Abilities, Weirdness & Mutations

You do not eat or drink.
Your flesh is vulnerable to fire.
You are immune to poison.
Your flesh is cold resistant. (rC+)
You are immune to negative energy. (rN+++)
You are immune to unholy pain and torment.
You can survive without breathing.


   Skills:
 - Level 2.0 Fighting
 + Level 4.6 Maces & Flails
 - Level 0.7 Throwing
 - Level 0.7 Armour
 - Level 1.5 Dodging
 - Level 2.6 Spellcasting
   Level 2.4 Translocations


You had 9 spell levels left.
You didn't know any spells.
Your spell library contained the following spells:

 Spells                   Type           Power        Failure   Level  Hunger
 Blink                    Tloc           N/A          11%         2    N/A
 Shroud of Golubria       Chrm/Tloc      #.........   17%         2    N/A
 Gell's Gravitas          Tloc           #.........   21%         3    N/A
 Lesser Beckoning         Tloc           #.........   21%         3    N/A
 Teleport Other           Tloc           #.......     21%         3    N/A
 Passage of Golubria      Tloc           N/A          52%         4    N/A

Skill      XL: |  1  2  3  4 |
---------------+-------------+-----
Maces & Flails | 2 3 4 |  4.6
Fighting       | |  2.0
Throwing       | |  0.7
Armour         | |  0.7
Dodging        | |  1.5
Spellcasting   | |  2.6
Translocations | |  2.4

Action                   |  1- 3 |  4- 6 || total
-------------------------+-------+-------++-------
Melee: Mace              |   149 |   151 ||   300
       Flail             |       |    16 ||    16
Throw: Tomahawk          |       |     5 ||     5
  Use: Scroll            |       |     4 ||     4
 Stab: Sleeping          |     1 |       ||     1
Armor: Leather armour    |    11 |       ||    11
       Ring mail         |    78 |    60 ||   138
Dodge: Dodged            |   142 |   110 ||   252

Inventory:

Hand Weapons
 a - a +0 flail (weapon)
   (You took it off an orc on level 2 of the Dungeon)
 i - a +0 mace
Missiles
 f - 6 tomahawks (quivered)
Armour
 b - a +0 leather armour
 d - a +0 ring mail (worn)
   (You found it on level 1 of the Dungeon)
 g - a cursed +0 pair of gloves (worn)
   (You found it on level 1 of the Dungeon)
Jewellery
 c - an amulet of faith (around neck)
   (You found it on level 3 of the Dungeon)
 k - a ring of wizardry (left hand)
   (You found it on level 2 of the Dungeon)
 l - a ring of magical power (right hand)
   (You found it on level 3 of the Dungeon)
Scrolls
 h - 2 scrolls of amnesia
 n - a scroll of remove curse
 t - 2 scrolls of teleportation {!r}
 y - a scroll of magic mapping
 B - a scroll of blinking


You were on level 3 of the Dungeon.
You were not hungry.

You visited 1 branch of the dungeon, and saw 3 of its levels.

You collected 129 gold pieces.

Dungeon Overview and Level Annotations

Branches:
Dungeon (3/15)

Altars:
Dithmenos
Sif Muna

Annotations:
D:3 Terence

#.#####.##......#. #.#
#.##.####)#( #.# ###.##........
#.# #.........#.#. #.#
#.#.##..#.#.#. #(#
#.#.##..#.....
#.###.#.##........
#.@....(###.####..
#@........#.#####. ##
####.###.....#....... h. ..##.#
#.....#######. ###.##.##.#
##....# ##' #.. ...##.# ##.#.#
##.. #.# #..##.#####.#.# ##... #
##.# #..##.........# ##....
.##.#.)###..#######...####....[
..'..........o..h.........'.....


You could see Terence.

Notes
Turn   | Place    | Note
-------+----------+-------------------------------------------
     0 | D:1      | theanonym the Mummy Warper began the quest for the Orb.
     0 | D:1      | Reached XP level 1. HP: 16/16 MP: 4/4
    28 | D:1      | Reached skill level 2 in Maces & Flails
   150 | D:1      | Reached XP level 2. HP: 21/22 MP: 5/5
   567 | D:1      | HP: 11/22 [kobold/+0 whip (3)]
   803 | D:1      | Reached XP level 3. HP: 27/27 MP: 7/7
   817 | D:1      | Reached skill level 3 in Maces & Flails
  1010 | D:2      | HP: 12/27 [hobgoblin/+0 club (4)]
  1034 | D:2      | HP: 13/27 [ball python (1)]
  1237 | D:2      | HP: 12/27 [adder (2)]
  1244 | D:2      | HP: 9/27 [bat (1)]
  1250 | D:2      | HP: 8/27 [bat (1)]
  1408 | D:2      | Reached XP level 4. HP: 20/33 MP: 8/8
  1554 | D:2      | Found a deep blue altar of Sif Muna.
  1573 | D:2      | HP: 15/33 [quokka (4)]
  1578 | D:2      | HP: 12/33 [frilled lizard (3)]
  1991 | D:2      | Found a shadowy altar of Dithmenos.
  2276 | D:3      | HP: 14/33 [orc/+0 mace (4)]
  2281 | D:2      | HP: 9/33 [orc/+0 short sword (3)]
  2283 | D:2      | HP: 4/33 [orc/+0 short sword (2)]
  2297 | D:2      | HP: 2/33 [orc/+0 short sword (4)]
  2841 | D:3      | Noticed Terence
  2844 | D:3      | HP: 14/33 [Terence/wand of flame (15) (10)]
  3038 | D:3      | Reached skill level 4 in Maces & Flails
  3314 | D:3      | Noticed Jessica
  3325 | D:3      | Killed Jessica
  3359 | D:3      | Reached XP level 5. HP: 36/38 MP: 9/9
  3928 | D:3      | HP: 9/38 [Terence/wand of flame (8) (15)]
  3934 | D:3      | HP: 3/38 [Terence/wand of flame (6) (6)]
  4228 | D:3      | HP: 9/38 [Terence/wand of flame (4) (12)]
  4229 | D:3      | Killed from afar by Terence

Vanquished Creatures
  An orc wizard (D:3)
  Jessica (D:3)
  4 adders
  A worm (D:3)
  4 dart slugs
  3 leopard geckos
  3 orcs (D:2)
  4 ball pythons
  2 giant cockroaches
  10 goblins
  7 hobgoblins
  6 jackals
  5 kobolds
  2 quokkas
  7 bats
  6 frilled lizards
  3 rats
69 creatures vanquished.

Table legend:
 A = Turns spent in this place as a percentage of turns spent in the entire game.
 B = Non-inter-level travel turns spent in this place as a percentage of non-inter-level travel turns spent in the entire game.
 C = Inter-level travel turns spent in this place as a percentage of turns spent in this place.
 D = Turns resting spent in this place as a percentage of non-inter-level travel turns spent in this place.
 E = Turns spent auto-exploring this place as a percentage of non-inter-level travel turns spent in this place.
 F = Non-inter-level travel turns spent in this place divided by the number of levels of this place that you've seen.
                   A       B       C       D       E      F
               +-------+-------+-------+-------+-------+----------------------
         Total | 100.0 | 100.0 |   5.2 |  49.6 |  34.8 | 1337.0
       Dungeon | 100.0 | 100.0 |   5.2 |  49.6 |  34.8 | 1337.0
               +-------+-------+-------+-------+-------+----------------------
